 Dungeon Crawl Stone Soup version 0.29.1-12-g30fa7ad0bf (webtiles) character file.

Game seed: 572655405306754987

111319 concernfroge the Spear-Bearer (level 16, -1/126 HPs)
             Began as a Mummy Monk on Dec 19, 2022.
             Was a Priest of Ashenzari.
             Slain by a bunyip zombie (16 damage)
             ... on level 2 of the Swamp.
             The game lasted 01:58:08 (36307 turns).

concernfroge the Spear-Bearer (Mummy Monk)         Turns: 36307, Time: 01:58:11

Health: -1/126     AC: 26    Str: 21    XL:     16   Next: 9%
Magic:  16/16      EV:  5    Int:  9    God:    Ashenzari [***...]
Gold:   1740       SH: 14    Dex: 16    Spells: 15/15 levels left

rFire   + . .      SeeInvis +   A - +5 spear (venom)
rCold   + + .      Faith    .   D - +2 kite shield {rF+}
rNeg    + + +      Spirit   .   d - +2 gold dragon scales
rPois   ∞          Reflect  .   p - +1 helmet of the Profound Failure {Fort, Alch} (curse)
rElec   .          Harm     .   K - +0 cloak of the Chained Liberalism {Cun, Evo} (curse)
rCorr   +          Rampage  .   J - +0 pair of gloves "Prophetic Entitlement" {Bglg, Fort} (curse)
Will    ++...      Clarity  +   q - +0 pair of boots "Visionary of Ashenzari" {Bglg, Alch} (curse)
Stlth   ..........              C - amulet of the Robin {Acrobat rN+}
HPRegen 0.31/turn               f - ring of resist corrosion
MPRegen 0.15/turn               r - ring "Behold Eternity" {Slay+4, Melee, Self} (curse)

@: slowed, very slow
A: cold resistance 1, negative energy resistance 3, torment resistance 2, heat
vulnerability 1, in touch with death 2, no potions
a: Renounce Religion, Curse Item, Shatter the Chains


You were on level 2 of the Swamp.
You worshipped Ashenzari.
Ashenzari was most pleased with you.
You visited 5 branches of the dungeon, and saw 25 of its levels.

You collected 2198 gold pieces.
You spent 458 gold pieces at shops.

Inventory:

Hand Weapons
 a - a +9 halberd
 b - the +3 Elemental Staff {rElec rF++ rC++ AC+5}
   (You found it on level 7 of the Dungeon)

   If the wielder is skilled in Evocations, they can discharge powerful blasts
   of elemental energy when striking with it.
   It enhances your fire, ice, earth and air magic.
   AC:        It affects your AC (+5).
   rF:        It greatly protects you from fire.
   rC:        It greatly protects you from cold.
   rElec:     It insulates you from electricity.
 A - a +5 spear of venom (weapon)
 H - a +0 trident
Missiles
 c - 5 atropa-tipped darts
 m - 103 stones
 n - 24 poisoned darts (quivered)
 w - 2 boomerangs
 B - 2 throwing nets
 E - 2 datura-tipped darts
 Q - 3 silver boomerangs
Armour
 d - +2 gold dragon scales (worn)
 p - the cursed +1 helmet of the Profound Failure (worn) {Fort, Alch}
   (You found it on level 3 of the Dungeon)

   It has a curse which improves the following skills: Fortitude: Armour and
   Shields.
   Alchemy:   Poison Magic and Transmutations.
 q - the cursed +0 pair of boots "Visionary of Ashenzari" (worn) {Bglg, Alch}
   (You found it on level 3 of the Dungeon)

   It has a curse which improves the following skills: Beguiling: Conjurations,
   Hexes and Translocations.
   Alchemy:   Poison Magic and Transmutations.
 D - a +2 kite shield of fire resistance (worn)
 J - the cursed +0 pair of gloves "Prophetic Entitlement" (worn) {Bglg, Fort}
   (You bought it in a shop on level 2 of the Orcish Mines)

   It has a curse which improves the following skills: Beguiling: Conjurations,
   Hexes and Translocations.
   Fortitude: Armour and Shields.
 K - the cursed +0 cloak of the Chained Liberalism (worn) {Cun, Evo}
   (You bought it in a shop on level 2 of the Orcish Mines)

   It has a curse which improves the following skills: Cunning: Dodging and
   Stealth.
   Evocations: Evocations.
Jewellery
 f - a ring of resist corrosion (left hand)
 k - a ring of ice
 r - the cursed ring "Behold Eternity" (right hand) {Slay+4, Melee, Self}
   (You found it on level 3 of the Dungeon)

   [ring of slaying]

   Slay:      It affects your accuracy & damage with ranged weapons and melee
   (+4).
   It has a curse which improves the following skills: Melee Combat: Short
   Blades, Long Blades, Axes, Maces & Flails, Polearms, Staves and Unarmed
   Combat.
   Introspection: Fighting and Spellcasting.
 C - the amulet of the Robin (around neck) {Acrobat rN+}
   (You found it on level 12 of the Dungeon)

   [amulet of the acrobat]

   It increases your evasion while moving and waiting.
   rN:        It protects you from negative energy.
 F - a ring of willpower
 G - a ring of fire
 M - a ring of flight
 O - a ring of wizardry
Wands
 u - a wand of flame (9)
 v - a wand of iceblast (6)
 y - a wand of polymorph (10)
 N - a wand of light (4)
 P - a wand of digging (6)
Scrolls
 g - 2 scrolls of poison
 h - 7 scrolls of amnesia
 i - 5 scrolls of enchant weapon
 l - 4 scrolls of immolation
 o - 4 scrolls of fog
 s - 3 scrolls of vulnerability
 t - a scroll of silence
 z - 2 scrolls of noise
 L - a scroll of torment
Miscellaneous
 x - a lightning rod (4/4)
 R - a condenser vane (inert)


   Skills:
 - Level 10.0(11.5) Fighting
 - Level 14.5(16.0) Polearms
 - Level 5.0 Throwing
 - Level 8.3(10.8) Armour
 - Level 5.0(6.5) Dodging
 - Level 1.5(2.7) Stealth
 - Level 8.3(10.8) Shields
 + Level 13.5(15.0) Evocations


You had 15 spell levels left.
You didn't know any spells.
Your spell library contained the following spells:

 Spells                   Type           Power      Damage    Failure   Level
 Apportation              Tloc           0%         N/A       100%        1
 Magic Dart               Conj           0%         1d3       100%        1
 Necrotise                Necr           0%         1d4       100%        1
 Sandblast                Erth           0%         2d4       100%        1
 Shock                    Conj/Air       0%         1d3       100%        1
 Ensorcelled Hibernation  Hex/Ice        0%         N/A       100%        2
 Passwall                 Tmut/Erth      0%         N/A       100%        2
 Poisonous Vapours        Pois/Air       0%         N/A       100%        2
 Searing Ray              Conj           0%         2d4       100%        2
 Static Discharge         Conj/Air       0%         3-3/arc   100%        2
 Mephitic Cloud           Conj/Pois/Air  0%         N/A       100%        3
 Ozocubu's Armour         Ice            0%         N/A       100%        3
 Stone Arrow              Conj/Erth      0%         3d7       100%        3
 Summon Guardian Golem    Hex/Summ       0%         N/A       100%        3
 Swiftness                Air            0%         N/A       100%        3
 Tukima's Dance           Hex            0%         N/A       100%        3
 Airstrike                Air            0%         2d(0-16)  100%        4
 Anguish                  Hex/Necr       0%         N/A       100%        4
 Corpse Rot               Necr/Pois/Air  0%         N/A       100%        4
 Fulminant Prism          Conj/Hex       0%         3d6       100%        4
 Leda's Liquefaction      Hex/Erth       0%         N/A       100%        4
 Summon Lightning Spire   Summ/Air       0%         N/A       100%        4
 Borgnjor's Vile Clutch   Necr/Erth      0%         N/A       100%        5
 Lightning Bolt           Conj/Air       0%         1d11      100%        5
 Metabolic Englaciation   Hex/Ice        0%         N/A       100%        5
 Conjure Ball Lightning   Conj/Air       0%         3x3d6     100%        6
 Simulacrum               Ice/Necr       0%         N/A       100%        6
 Discord                  Hex            0%         N/A       100%        8
 Disjunction              Tloc           0%         N/A       100%        8
 Maxwell's Capacitive Co  Air            0%         ∞         100%        8
 Shatter                  Erth           0%         3d5*      100%        9


Dungeon Overview and Level Annotations

Branches:
Dungeon (15/15)            Temple (1/1) D:7            Lair (5/5) D:9
  Swamp (2/4) Lair:2       Spider (0/4) Lair:2        Slime (0/5) Lair:4
    Orc (2/2) D:9             Elf (0/3) Orc:2        Vaults (0/5) D:13
 Depths (0/4) D:15

Altars:
Ashenzari
Cheibriados
Dithmenos
Fedhas
Gozag
Hepliaklqana
Kikubaaqudgha
Makhleb
Nemelex Xobeh
Okawaru
Qazlal
Ru
Sif Muna
Trog
Uskayaw
Vehumet
Wu Jian
Xom
Yredelemnul
Jiyva

Shops:
D:2 [   D:4 [   Orc:2 :?[[

Annotations:
D:5 1 transporter, SirLogeyBear's ghost, amateur HOBe
D:6 Maggie


Innate Abilities, Weirdness & Mutations

You are immune to poison.
Your flesh is cold resistant. (rC+)
You are immune to negative energy. (rN+++)
You are immune to unholy pain and torment.
You are vulnerable to heat. (rF-)
You are strongly in touch with the powers of death.
You do not drink.


Message History

The fenstrider witch hits you with a +2 quick blade of pain.
The fenstrider witch kicks you but does no damage.
The fenstrider witch hits you with a +2 quick blade of pain!
The fenstrider witch kicks you.
* * * LOW HITPOINT WARNING * * *
The fenstrider witch points at you and mumbles some strange words.
You easily resist.
The fenstrider witch hits you but does no damage.
The fenstrider witch kicks you but does no damage.
You can move again.
Blink to where?
Press: ? - help, Dir - move target
As you read the scroll of blinking, it crumbles to dust.
As you read the scroll of teleportation, it crumbles to dust.
You feel strangely unstable.
You enter the shallow water.
Moving in this stuff is going to be slow.
Your surroundings seem slightly different.
The bunyip zombie barely misses you. You block the bunyip zombie's attack.
The bunyip zombie claws you but does no damage.
The fenstrider witch hits you with a +2 quick blade of pain!
* * * LOW HITPOINT WARNING * * *
The fenstrider witch kicks you!
* * * LOW HITPOINT WARNING * * *
Okay, then.
Okay, then.
Okay, then.
As you read the scroll of fear, it crumbles to dust.
You assume a fearsome visage.
The fenstrider witch looks frightened!
The bog body is unaffected.
The bunyip zombie is unaffected.
The bog body is unaffected. x2; The bunyip zombie is unaffected.
The spriggan berserker simulacrum is unaffected.
The bog body is unaffected.
The bog body points at you and mumbles some strange words.
The bolt of cold hits you. You resist.
* * * LOW HITPOINT WARNING * * *
The bunyip zombie claws you.
* * * LOW HITPOINT WARNING * * *
The bunyip zombie claws you!
You die...

...~.~.♣♣♣~.~~♣##'''##♣
~~♣~~§..♣...~♣♣..~~~≈.♣
.~~§§~.~.~♣.♣♣♣≈#~.~~#♣
.~~~~~~~~~~.♣ ♣.≈~~~#.♣
♣.~<.~>~.~~.♣ ♣....~~~♣
♣.~~~.~§.♣~♣♣
♣.#~∩##≈♣♣ ♣..~~.~~~~<♣
♣.......n♣ ♣♣....~...♣♣
♣♣..nn♣♣♣.♣ ♣...~)~.♣♣
♣..@Zn.♣♣.♣ ♣.......♣
♣♣.○Z♣Z♣n~♣♣ ♣....~~~♣♣
♣...H.♣.♣.♣
♣♣......~.♣♣♣♣...~~..♣♣
♣....~~~~~!♣♣♣~....♣♣♣
~~♣...♣♣♣.~..§~.~♣♣♣
....♣♣♣ ♣~.~~♣♣♣♣♣
♣♣♣♣♣ ♣~♣♣♣♣ ♣ ♣.♣


You could see a fenstrider witch (fleeing), 4 bog bodies, a spriggan berserker
simulacrum and 2 bunyip zombies.

Vanquished Creatures
  A thorn hunter (Swamp:1)
  A frost giant (D:12)
  A dire elephant (Lair:5)
  A bunyip (Swamp:1)
  4 eleionomae
  An ettin (D:12)
  Harold (D:11)
  5 boulder beetles
  Fannar (Lair:2)
  An ice dragon (D:12)
  8 hydras
  4 ogre magi (Orc:2)
  A ghost crab (Swamp:2)
  Erica (Lair:2)
  2 centaur warriors (D:13)
  A death knight (D:12)
  A catoblepas (Lair:5)
  2 dancing weapons (D:13)
  7 death yaks
  A deep troll earth mage (D:12)
  19 two-headed ogres
  A tengu warrior (D:14)
  A deep troll shaman (Lair:5)
  6 goliath frogs
  4 bog bodies
  A spriggan druid (Swamp:1)
  A bunyip zombie (Swamp:2)
  2 orc knights
  A wizard (D:14)
  2 bunyip skeletons (Swamp:2)
  2 deep elf pyromancers (D:12)
  2 lindwurms (Lair:1)
  A wolf spider (D:15)
  10 cyclopes
  12 ugly things
  3 will-o-the-wisps
  4 manticores
  25 elephants
  2 black mambas
  Joseph (D:7)
  A torpor snail (Lair:3)
  A gargoyle (D:12)
  A cane toad (shapeshifter) (D:15)
  8 cane toads
  3 rime drakes
  2 unseen horrors (D:12)
  2 yaktaurs (D:15)
  A kobold demonologist (D:12)
  A tengu conjurer (D:12)
  5 komodo dragons
  6 trolls
  13 slime creatures
  2 tyrant leeches
  14 blink frogs
  7 hornets
  3 polar bears
  A centaur simulacrum (D:15)
  9 spriggans
  2 shadows
  2 wraiths (D:12)
  54 yaks
  A basilisk (Lair:2)
  A vampire (D:12)
  3 wyverns
  3 steam dragons
  11 vampire mosquitoes
  Menkaure (D:4)
  2 wargs
  8 swamp worms
  An acid dragon (D:14)
  16 water moccasins
  A swamp drake (Swamp:2)
  6 orc warriors
  An ice beast (D:7)
  25 ogres
  4 black bears
  5 wolves (Lair:5)
  4 centaurs
  3 gnoll sergeants
  7 bullfrogs
  2 necrophages
  4 wights
  11 killer bees
  2 howler monkeys
  4 electric eels
  8 crimson imps (D:10)
  3 quasits (D:7)
  3 hounds
  4 jellies
  12 orc priests
  A gnoll bouda (D:6)
  14 orc wizards
  16 gnolls
  4 adders
  2 shadow imps (D:7)
  2 white imps
  11 ufetubi
  2 worms (D:3)
  3 dart slugs
  38 orcs
  13 ball pythons
  6 endoplasms
  5 giant cockroaches
  7 goblins
  11 hobgoblins
  8 jackals
  4 quokkas
  4 bats
  4 frilled lizards
  8 kobolds
  6 rats
  A briar patch (Swamp:1)
609 creatures vanquished.

Vanquished Creatures (collateral kills)
  A centaur warrior (D:13)
  4 centaurs (D:13)
5 creatures vanquished.

Vanquished Creatures (others)
  A briar patch (Swamp:1)
  5 demonic plants (D:7)
  24 foxfires
  30 fungi
  48 plants
108 creatures vanquished.

Grand Total: 722 creatures vanquished

Notes
Turn   | Place    | Note
-------+----------+-------------------------------------------
     0 | D:1      | concernfroge the Mummy Monk began the quest for the Orb.
     0 | D:1      | Reached XP level 1. HP: 18/18 MP: 1/1
    54 | D:1      | Reached XP level 2. HP: 21/24 MP: 2/2
   211 | D:1      | Got the Spellbook of Terrain
   449 | D:1      | Found a faded altar of an unknown god.
   455 | D:1      | Got Patorr's Cyclopedia of Cankerous Imprecation
   611 | D:1      | Gained mutation: You are in touch with the powers of death.
                  | [Mummy growth]
   611 | D:1      | Reached XP level 3. HP: 29/30 MP: 3/3
  1361 | D:2      | Found Obauhien's Armour Boutique.
  2286 | D:3      | Identified the +1 robe of the Sun {rElec Dex+4}
  2386 | D:3      | Reached XP level 4. HP: 18/38 MP: 4/4
  2595 | D:3      | Reached skill level 5 in Fighting
  3322 | D:4      | Noticed a black bear
  3333 | D:4      | Killed a black bear
  3334 | D:4      | Reached XP level 5. HP: 37/46 MP: 5/5
  3359 | D:4      | Noticed a wyvern
  3367 | D:4      | Killed a wyvern
  3368 | D:4      | Reached XP level 6. HP: 51/55 MP: 6/6
  3479 | D:4      | Noticed Menkaure
  3484 | D:4      | Killed Menkaure
  3549 | D:4      | Reached XP level 7. HP: 50/62 MP: 7/7
  3675 | D:4      | Found Ixterch's Antique Armour Emporium.
  4408 | D:5      | Entered Level 5 of the Dungeon
  4638 | D:5      | Noticed SirLogeyBear's ghost (amateur HOBe)
  4639 | D:5      | Identified the +6 dire flail "Mummy's Bane" {elec, Dex+2}
  4640 | D:5      | Found a transporter.
  5054 | D:6      | Identified the +0 pair of boots "Jaemnole" {rF- Str+6}
  5087 | D:6      | Reached XP level 8. HP: 71/72 MP: 8/8
  5127 | D:6      | Reached skill level 10 in Fighting
  5127 | D:6      | Reached skill level 1 in Throwing
  5651 | D:6      | Reached skill level 1 in Armour
  5651 | D:6      | Reached skill level 1 in Evocations
  5774 | D:6      | Noticed Maggie
  6032 | D:7      | Found a staircase to the Ecumenical Temple.
  6056 | Temple   | Entered the Ecumenical Temple
  6182 | Temple   | Became a worshipper of Ashenzari the Shackled
  6401 | Temple   | Reached skill level 3 in Polearms
  6674 | Temple   | Reached * piety under Ashenzari
  6836 | D:7      | Reached skill level 4 in Polearms
  7147 | D:7      | Found the +3 Elemental Staff {rElec rF++ rC++ AC+5}
  7184 | D:7      | Reached XP level 9. HP: 79/79 MP: 9/9
  7196 | D:7      | Noticed Joseph
  7223 | D:7      | Killed Joseph
  7224 | D:7      | Reached skill level 5 in Polearms
  7346 | D:7      | Reached skill level 6 in Polearms
  7652 | D:8      | Reached ** piety under Ashenzari
  7879 | D:8      | Reached skill level 7 in Polearms
  8163 | D:9      | Found a staircase to the Orcish Mines.
  8546 | D:9      | Reached skill level 8 in Polearms
  8856 | D:9      | Found a staircase to the Lair.
  8889 | D:9      | Reached XP level 10. HP: 77/88 MP: 10/10
  9227 | D:9      | Reached skill level 9 in Polearms
  9848 | D:10     | Entered Level 10 of the Dungeon
 10020 | D:10     | Identified the +1 leather armour "Xuplil" {rPois Dex+4}
 10406 | D:10     | Reached skill level 10 in Polearms
 10988 | D:10     | Found a basalt altar of Yredelemnul.
 10989 | D:10     | Found a shimmering altar of Xom.
 10990 | D:10     | Found an iron altar of Okawaru.
 10991 | D:10     | Found a radiant altar of Vehumet.
 11072 | D:10     | Reached *** piety under Ashenzari
 11132 | D:11     | Identified the +11 quarterstaff "Geczaej" {elec, Will+
                  | Dex+4 Stlth+}
 11155 | D:11     | Reached skill level 11 in Polearms
 11187 | D:11     | Noticed Harold
 11204 | D:11     | Killed Harold
 11408 | D:11     | Reached XP level 11. HP: 96/96 MP: 11/11
 11590 | D:11     | Reached skill level 12 in Polearms
 12116 | Lair:1   | Entered Level 1 of the Lair of Beasts
 12961 | Lair:1   | Noticed a lindwurm
 13315 | Lair:1   | Noticed a lindwurm
 13346 | Lair:1   | Reached skill level 13 in Polearms
 13469 | Lair:1   | Killed a lindwurm
 13744 | Lair:1   | Killed a lindwurm
 13951 | Lair:2   | Noticed Erica
 13962 | Lair:2   | Killed Erica
 14088 | Lair:2   | Noticed a bog body
 14098 | Lair:2   | Killed a bog body
 14173 | Lair:2   | Found a staircase to the Swamp.
 14173 | Lair:2   | Noticed a bog body
 14541 | Lair:2   | Found a hole to the Spider Nest.
 14555 | Lair:2   | Noticed Fannar
 14570 | Lair:2   | Killed Fannar
 14571 | Lair:2   | Reached skill level 14 in Polearms
 14784 | Lair:2   | Reached XP level 12. HP: 103/103 MP: 12/12
 15662 | Lair:3   | Noticed an eight-headed hydra
 15672 | Lair:3   | Killed an eight-headed hydra
 16020 | Lair:3   | Noticed a death yak
 16020 | Lair:3   | Noticed a death yak
 16021 | Lair:3   | Noticed a death yak
 16064 | Lair:3   | Noticed a five-headed hydra
 16078 | Lair:3   | Killed a five-headed hydra
 16254 | Lair:3   | Reached skill level 5 in Armour
 16757 | Lair:3   | Killed a death yak
 16763 | Lair:3   | Killed a death yak
 16767 | Lair:3   | Killed a death yak
 17326 | Lair:4   | Found a staircase to the Slime Pits.
 17328 | Lair:4   | Found a viscous altar of Jiyva.
 17383 | Lair:4   | Noticed a boulder beetle
 17399 | Lair:4   | Killed a boulder beetle
 17582 | Lair:4   | Gained mutation: You are strongly in touch with the powers
                  | of death. [Mummy growth]
 17582 | Lair:4   | Reached XP level 13. HP: 81/109 MP: 10/13
 18251 | Lair:5   | Entered Level 5 of the Lair of Beasts
 19008 | Lair:5   | Reached skill level 5 in Dodging
 19092 | Lair:5   | Reached skill level 5 in Throwing
 19107 | Lair:5   | Found a stormy altar of Qazlal.
 19171 | Lair:5   | Reached skill level 1 in Shields
 20473 | Lair:5   | Reached skill level 5 in Evocations
 20660 | Lair:5   | Noticed a dire elephant
 20740 | Lair:5   | Killed a dire elephant
 21329 | D:12     | Reached XP level 14. HP: 81/116 MP: 11/14
 21510 | D:12     | Noticed a frost giant
 21524 | D:12     | Killed a frost giant
 21612 | D:12     | Identified Yfuwuf's Book of Execration and Orientation
 21613 | D:12     | Identified the amulet of the Robin {Acrobat rN+}
 21614 | D:12     | Identified the Guide on the Toxic Undead
 21631 | D:12     | Reached skill level 5 in Shields
 24016 | D:12     | Found the +12 pair of quick blades "Gyre" and "Gimble"
                  | {protect}
 24108 | Orc:1    | Entered Level 1 of the Orcish Mines
 24793 | Orc:2    | Entered Level 2 of the Orcish Mines
 26206 | Orc:1    | Reached XP level 15. HP: 52/122 MP: 8/15
 26604 | Orc:2    | Found Vaucifa's Magic Scroll Shoppe.
 26604 | Orc:2    | Found Sibbiryo's Book Shop.
 26605 | Orc:2    | Found Xudyst's Antique Armour Boutique.
 26605 | Orc:2    | Found Amiem's Antique Armour Shoppe.
 26615 | Orc:2    | Bought a scroll of magic mapping for 112 gold pieces
 26615 | Orc:2    | Bought a scroll of blinking for 112 gold pieces
 26624 | Orc:2    | Found a staircase to the Elven Halls.
 26633 | Orc:2    | Found a burning altar of Makhleb.
 26867 | Orc:2    | Bought a pair of gloves for 117 gold pieces
 26867 | Orc:2    | Bought a cloak for 117 gold pieces
 28058 | D:13     | Reached skill level 10 in Evocations
 28453 | D:13     | Found a gate to the Vaults.
 29446 | D:13     | Identified the +4 ring mail "Ono Vuozxadgh" {Str+2 SInv}
 30643 | D:15     | Entered Level 15 of the Dungeon
 31642 | D:15     | Found a shimmering blue altar of Sif Muna.
 32232 | D:15     | Found a staircase to the Depths.
 32771 | Swamp:1  | Entered Level 1 of the Swamp
 33132 | Swamp:1  | Noticed a thorn hunter
 33600 | Swamp:1  | Killed a thorn hunter
 34005 | Swamp:1  | Identified the +7 shortbow "Jaxet" {freeze, rN+}
 35441 | Swamp:2  | Reached XP level 16. HP: 90/126 MP: 16/16
 36285 | Swamp:2  | Found an ancient bone altar of Kikubaaqudgha.
 36285 | Swamp:2  | Identified the Directory of the Mortuary
 36298 | Swamp:2  | Paralysed by a fenstrider witch for 5 turns
 36307 | Swamp:2  | Slain by a bunyip zombie

Illustrated notes

Levels and vault maps discovered:
D:1:      dpeg_arrival_simpleton_c, layout_rooms, ebering_ecumenical_altar_box,
          hex_medium, minmay_heptomino_o4
D:2:      layout_basic, serial_shops, shop_statue
D:3:      kennysheep_six_static_rooms, layout_basic, grunt_ministairs_15
D:4:      layout_basic, serial_shops, shop, uniq_menkaure
D:5:      layout_cave_pools, gammafunk_ghost_smash
D:6:      layout_layer_cave, uniq_maggie
D:7:      layout_loops_ring, minmay_temple_entry_glass, serial_demonic,
          serial_demonic_g, serial_demonic_a, serial_demonic_f,
          serial_demonic_f, uniq_joseph
D:8:      layout_cave_pools, minmay_misc_feat_alley, fountainhead
D:9:      layout_basic, dpeg_oklobed_lair
D:10:     layout_roguey, minitemple, kennysheep_another_room,
          minmay_misc_feat_chi, hangedman_decor_slide_cut,
          mrwooster_statue_mirror, amcnicky_mini_rare_corridor_liquid,
          minmay_nine_imps
D:11:     layout_cross, uniq_harold
D:12:     minmay_complete_graph, layout_irregular_city,
          hellmonk_guarded_unrand_gyre_and_gimble
D:13:     statuecave_lemuel, layout_basic, erik_vaults_1
D:14:     layout_roguey, amcnicky_mini_pool_small
D:15:     hangedman_depths_entry_try_elsewhere_first, layout_irregular_city,
          minmay_misc_feat_enclosed, st_stairs_6, kennysheep_orc_sif_temple
Temple:   nicolae_temple_two_arcs
Lair:1:   layout_regular_city, chequers_serial_rivers_small_b,
          nicolae_lair_lindhole
Lair:2:   layout_cave_pods, nicolae_swamp_entry_splash_gauntlet,
          dummy_spider_entry, chequers_serial_rivers_micro_d, uniq_fannar,
          uniq_erica
Lair:3:   layout_chaotic_city, minmay_hedge_maze, grunt_megastairs_5,
          serial_bayou_shore_a
Lair:4:   layout_long_grid, slime_entry_1, lookout_lair_type
Lair:5:   grunt_lair_end_beastmaster, layout_layer_cave, gauntlet_entry_generic,
          basic_altar
Swamp:1:  layout_basic_swamp, wheals_swamp_sinkhole, swamp_pool4,
          infiniplex_staircase_pool
Swamp:2:  layout_falls_marsh, evilmike_swamp_ruin_house_6, beargit_kiku_chapel
Orc:1:    layout_caves
Orc:2:    st_orc_ogre_mass, layout_caves, basic_altar, bloody_makhleb

Skill      XL: |  1  2  3  4  5  6  7  8  9 10 11 12 13 14 15 |
---------------+----------------------------------------------+-----
Fighting       | 4 6 7 8 9 10 | 10.0
Throwing       | 2 5 |  5.0
Armour         | 2 8 |  8.3
Evocations     | 2 5 9 13 | 13.5
Polearms       | 4 8 11 14 | 14.5
Dodging        | 5 |  5.0
Shields        | 4 8 |  8.3
Stealth        | |  1.5

Action                   |  1- 3 |  4- 6 |  7- 9 | 10-12 | 13-15 | 16-18 || total
-------------------------+-------+-------+-------+-------+-------+-------++-------
Melee: Spear             |   196 |   121 |    36 |    12 |   667 |    89 ||  1121
       Long sword        |       |       |    49 |       |       |       ||    49
       Punch             |       |       |     1 |     1 |     1 |       ||     3
       Halberd           |       |       |   201 |   462 |   679 |       ||  1342
Throw: Dart              |       |     7 |    11 |    29 |   135 |       ||   182
       Stone             |       |     9 |    11 |       |    43 |       ||    63
       Boomerang         |       |       |     1 |    10 |   199 |       ||   210
       Throwing net      |       |       |       |     3 |     2 |       ||     5
Invok: Curse Item        |       |       |     4 |     1 |     2 |       ||     7
       Shatter the Chain |       |       |       |       |     2 |       ||     2
Evoke: Wand              |       |       |       |     7 |    17 |       ||    24
       Lightning rod     |       |       |       |       |     6 |       ||     6
       Condenser vane    |       |       |       |       |       |     1 ||     1
  Use: Scroll            |       |     7 |     4 |    12 |    11 |     3 ||    37
 Stab: Sleeping          |     4 |       |       |       |       |       ||     4
       Distracted        |       |       |     1 |       |       |       ||     1
       Held in net/web   |       |       |       |     2 |       |       ||     2
       Fleeing           |       |       |       |       |     1 |       ||     1
       Paralysed         |       |       |       |       |     6 |       ||     6
Armor: Robe              |    10 |       |       |       |       |       ||    10
       Scale mail        |    12 |    16 |       |       |       |       ||    28
       Ring mail         |     3 |       |       |       |       |       ||     3
       Gold dragon scale |       |    28 |   327 |   235 |   476 |    34 ||  1100
Dodge: Dodged            |    76 |    20 |    31 |    40 |   147 |    12 ||   326
Block: Kite shield       |       |       |       |       |   186 |    29 ||   215
